 Dungeon Crawl Stone Soup version 0.26.1-11-gd32895ea62 (webtiles) character file.

Game seed: 17279465341230608932

12010 Almogavar the Carver (level 11, -3/97 HPs)
             Began as a Minotaur Fighter on Apr 20, 2021.
             Was a High Priest of Okawaru.
             Slain by an orc knight
             ... wielding a +3 war axe
              (12 damage)
             ... on level 9 of the Dungeon.
             The game lasted 00:31:31 (13804 turns).

Almogavar the Carver (Minotaur Fighter)            Turns: 13804, Time: 00:31:32

Health: -3/97      AC: 21    Str: 25    XL:     11   Next: 56%
Magic:  8/10       EV: 15    Int:  5    God:    Okawaru [*****.]
Gold:   666        SH: 16    Dex: 11    Spells: 10/10 levels left

rFire    . . .     SeeInvis .   a - +0 long sword
rCold    . . .     Faith    .   c - +1 kite shield
rNeg     . . .     Spirit   .   F - +0 plate armour
rPois    .         Reflect  .   (helmet restricted)
rElec    .         Harm     .   M - scarf {repulsion}
rCorr    .         Rampage  .   B - +0 pair of gloves
Will     .....                  t - +1 pair of boots
Stlth    ..........             I - amulet "Qepryacel" {Acrobat Dex+2}
HPRegen  0.26/turn              x - ring of stealth
MPRegen  0.12/turn              r - +4 ring of evasion

@: heroism, repel missiles
A: retaliatory headbutt, horns 2
a: Renounce Religion, Heroism, Finesse


You were on level 9 of the Dungeon.
You worshipped Okawaru.
Okawaru was extremely pleased with you.
You visited 3 branches of the dungeon, and saw 13 of its levels.

You collected 666 gold pieces.

Inventory:

Hand Weapons
 a - a +0 long sword (weapon)
 A - a +3 flail of protection
 P - a +1 vorpal hand crossbow
Missiles
 b - 93 bolts
 g - 253 stones (quivered)
 G - 28 sling bullets
Armour
 c - a +1 kite shield (worn)
 s - a +0 chain mail
 t - a +1 pair of boots (worn)
 B - a +0 pair of gloves (worn)
 F - a +0 plate armour (worn)
 M - a scarf of repulsion (worn)
Jewellery
 e - an uncursed ring of resist corrosion
 r - a +4 ring of evasion (right hand)
 x - a ring of stealth (left hand)
 I - the amulet "Qepryacel" (around neck) {Acrobat Dex+2}
   (You found it on level 7 of the Dungeon)

   [amulet of the acrobat]

   It helps you evade while moving and waiting.
   It affects your dexterity (+2).
 J - an uncursed amulet of guardian spirit
Wands
 d - a wand of disintegration (11)
 w - a wand of random effects (39)
 z - a wand of acid (10)
 C - a wand of paralysis (13)
 D - a wand of digging (3)
 H - a wand of polymorph (16)
 K - a wand of iceblast (8)
Scrolls
 f - 5 scrolls of enchant weapon
 h - 2 scrolls of fear
 j - 2 scrolls of blinking
 m - 4 scrolls of remove curse
 v - 3 scrolls of amnesia
 y - 4 scrolls of teleportation
 E - 2 scrolls of magic mapping
 L - 4 scrolls of enchant armour
 N - a scroll of fog
 O - a scroll of summoning
Potions
 i - a potion of invisibility
 k - 4 potions of flight
 l - 5 potions of haste
 n - 6 potions of curing
 p - a potion of lignification
 q - a potion of brilliance
 u - a potion of cancellation


   Skills:
 + Level 9.5(14.5) Fighting
 + Level 12.7(17.7) Long Blades
 + Level 10.3(15.3) Armour
 + Level 4.0(9.0) Dodging
 + Level 12.0(17.0) Shields
 + Level 0.9 Invocations


You had 10 spell levels left.
You didn't know any spells.
Your spell library contained the following spells:

 Spells                   Type           Power        Failure   Level
 Corona                   Hex            0%           98%         1
 Magic Dart               Conj           0%           98%         1
 Shock                    Conj/Air       0%           98%         1
 Ensorcelled Hibernation  Hex/Ice        0%           99%         2
 Searing Ray              Conj           0%           99%         2
 Swiftness                Air            0%           99%         2
 Confusing Touch          Hex            0%           100%        3
 Dazzling Flash           Conj/Hex       0%           100%        3
 Static Discharge         Conj/Air       0%           100%        3
 Tukima's Dance           Hex            0%           100%        3
 Airstrike                Air            0%           100%        4
 Fulminant Prism          Conj/Hex       0%           100%        4
 Iskenderun's Mystic Bla  Conj/Tloc      0%           100%        4
 Lightning Bolt           Conj/Air       0%           100%        5


Dungeon Overview and Level Annotations

Branches:
Dungeon (11/15)            Temple (1/1) D:7            Lair (0/6) D:8
    Orc (1/2) D:9

Altars:
Ashenzari
Cheibriados
Dithmenos
Elyvilon
Fedhas
Gozag
Hepliaklqana
Kikubaaqudgha
Makhleb
Nemelex Xobeh
Okawaru
Qazlal
Ru
Sif Muna
Trog
Uskayaw
Vehumet
Wu Jian
Xom
Yredelemnul
Zin
The Shining One

Shops:
D:9 ?

Annotations:
D:6 1 runed translucent door, Electrofox's ghost, novice MiFi
D:9 Maurice


Innate Abilities, Weirdness & Mutations

You reflexively headbutt those who attack you in melee.
You have a pair of horns on your head.


Message History

You hit the orc knight.
You headbutt the orc knight, but do no damage.
The orc knight is moderately wounded.
The orc knight hits you with a +3 war axe!!
You closely miss the orc knight. Your headbutt misses the orc knight.
The orc knight is moderately wounded.
You gain the combat prowess of a mighty hero.
You block the orc knight's attack.
You slash the orc knight! Your headbutt misses the orc knight.
The orc knight is moderately wounded.
The orc knight hits you with a +3 war axe!!
* * * LOW HITPOINT WARNING * * *
Unknown command.
You slash the orc knight!
The orc knight is severely wounded.
Unknown command.
You slice the orc knight!! Your headbutt misses the orc knight.
The orc knight is almost dead.
The orc knight hits you with a +3 war axe!
You die...

....# #.# #.# #.#
...##########.#
#.##########
#.............# #.......#
#.############# #######.#
#.# #.##.. #.# #.#_.. #.#
##### ####.. #.# #.[.##
########8. #.# #)@[.#
#.....# ## #.# #)o[.#
#.####### #.#
###..#####.#####.# #.#
###########.............##
#.######.......#
#####.#.#.......
.........#####.#
#.#.#.###.## ....######
#.# #.#.#.# #.## >..## #.#
#.#.#.###.## #.## #.#
#.........#


You could see an orc knight (strong).

Vanquished Creatures
  A two-headed ogre (D:9)
  An orc high priest (D:9)
  An unseen horror (D:11)
  Pikel (D:5)
  An orc knight (D:9)
  An orc sorcerer (D:9)
  A cyclops (D:11)
  A hornet (D:9)
  2 trolls
  A merfolk (D:10)
  2 wyverns
  Eustachio (D:4)
  8 yaks
  Edmund (D:6)
  5 wargs (D:9)
  An acid dragon (D:11)
  3 sky beasts
  5 orc warriors
  2 ice beasts
  A black bear (D:8)
  6 ogres
  A phantom (D:10)
  6 centaurs
  3 big kobolds
  8 bullfrogs
  A water moccasin zombie (D:8)
  5 scorpions
  3 wights (D:8)
  13 killer bees
  7 hounds
  6 orc priests
  2 jellies
  2 centaur skeletons
  9 worker ants
  An iguana (D:8)
  Ijyb (D:3)
  Natasha (thrice) (D:4)
  17 orc wizards
  2 hound skeletons
  3 worker ant zombies
  A howler monkey skeleton (D:8)
  10 adders
  A river rat (D:3)
  A white imp (D:7)
  2 ufetubi
  An ooze (D:2)
  6 worms
  4 dart slugs
  7 leopard geckos
  28 orcs
  A ball python (D:3)
  9 bats
  7 giant cockroaches
  6 hobgoblins
  8 jackals
  20 kobolds
  7 quokkas
  6 frilled lizards
  6 goblins
  3 jackal skeletons
  A leopard gecko skeleton (D:5)
  A quokka skeleton (D:9)
  2 quokka zombies
  4 rats (D:3)
281 creatures vanquished.

Notes
Turn   | Place    | Note
-------+----------+-------------------------------------------
     0 | D:1      | Almogavar the Minotaur Fighter began the quest for the Orb.
     0 | D:1      | Reached XP level 1. HP: 19/19 MP: 0/0
   181 | D:1      | Reached XP level 2. HP: 25/27 MP: 1/1
   710 | D:2      | Reached XP level 3. HP: 33/33 MP: 2/2
   899 | D:2      | Reached XP level 4. HP: 40/40 MP: 3/3
  1258 | D:3      | Noticed Ijyb
  1265 | D:3      | Killed Ijyb
  1266 | D:3      | Reached skill level 5 in Armour
  1484 | D:3      | Noticed a bullfrog
  1492 | D:3      | Killed a bullfrog
  1493 | D:3      | Reached XP level 5. HP: 41/47 MP: 4/4
  1654 | D:3      | Reached skill level 5 in Shields
  2064 | D:3      | Reached XP level 6. HP: 50/53 MP: 5/5
  2164 | D:4      | Noticed Natasha
  2171 | D:4      | Killed Natasha
  2173 | D:4      | Noticed Natasha
  2182 | D:4      | Killed Natasha
  2308 | D:4      | Noticed Natasha
  2311 | D:4      | Found a sparkling altar of Nemelex Xobeh.
  2316 | D:4      | Killed Natasha
  2336 | D:4      | Reached skill level 1 in Dodging
  2386 | D:3      | Reached skill level 5 in Long Blades
  2643 | D:4      | Reached XP level 7. HP: 51/60 MP: 6/6
  3181 | D:4      | Reached skill level 5 in Fighting
  3433 | D:4      | Found a blossoming altar of Fedhas.
  3772 | D:5      | Entered Level 5 of the Dungeon
  3772 | D:5      | Noticed Eustachio
  3793 | D:4      | Killed Eustachio
  3973 | D:5      | Found a burning altar of Makhleb.
  4181 | D:5      | Reached XP level 8. HP: 68/68 MP: 7/7
  4482 | D:5      | Noticed Pikel
  4500 | D:5      | Killed Pikel
  4977 | D:6      | Found a shadowy altar of Dithmenos.
  5100 | D:6      | Found a sacrificial altar of Ru.
  5678 | D:6      | Found a runed translucent door.
  5678 | D:6      | Noticed Electrofox's ghost (novice MiFi)
  5679 | D:6      | Noticed Edmund
  5727 | D:6      | Killed Edmund
  5728 | D:6      | Reached XP level 9. HP: 71/75 MP: 8/8
  6599 | D:7      | Found a staircase to the Ecumenical Temple.
  6605 | Temple   | Entered the Ecumenical Temple
  6738 | Temple   | Became a worshipper of Warmaster Okawaru
  6758 | D:7      | Got a wavering jade amulet
  6764 | D:7      | Identified the amulet "Qepryacel" {Acrobat Dex+2} (You
                  | found it on level 7 of the Dungeon)
  7294 | D:8      | Found a hazy altar of Hepliaklqana.
  8090 | D:8      | Reached skill level 10 in Long Blades
  8127 | D:8      | Reached * piety under Okawaru
  8484 | D:8      | Found a staircase to the Lair.
  8991 | D:9      | Noticed a two-headed ogre
  9007 | D:9      | Killed a two-headed ogre
  9008 | D:9      | Reached skill level 10 in Shields
  9008 | D:9      | Reached XP level 10. HP: 57/86 MP: 5/9
  9418 | D:9      | Paralysed by a hornet for 1 turns
  9431 | D:9      | Reached ** piety under Okawaru
  9944 | D:9      | Found Lashroga's Magic Scroll Boutique.
 10078 | D:9      | Found a staircase to the Orcish Mines.
 10224 | D:9      | Found a shimmering blue altar of Sif Muna.
 10305 | D:9      | Noticed Maurice
 10479 | D:10     | Entered Level 10 of the Dungeon
 10641 | D:10     | Reached *** piety under Okawaru
 10920 | D:10     | You fall into a shaft and drop 1 floor!
 11090 | D:11     | Reached XP level 11. HP: 95/95 MP: 10/10
 11105 | D:11     | Reached **** piety under Okawaru
 11349 | D:11     | Killed an unseen horror
 12607 | Orc:1    | Entered Level 1 of the Orcish Mines
 12621 | Orc:1    | Noticed an orc warlord
 12808 | Orc:1    | Noticed an orc knight
 12925 | Orc:1    | Noticed an orc high priest
 12925 | Orc:1    | Noticed an orc sorcerer
 12942 | D:9      | Killed an orc high priest
 12943 | D:9      | Reached skill level 10 in Armour
 13182 | D:9      | Killed an orc knight
 13484 | Orc:1    | Noticed an orc knight
 13492 | Orc:1    | Paralysed by an orc sorcerer for 3 turns
 13493 | Orc:1    | Noticed an orc knight
 13496 | Orc:1    | Noticed an ogre mage
 13508 | D:9      | Killed an orc sorcerer
 13508 | D:9      | Reached ***** piety under Okawaru
 13804 | D:9      | Slain by an orc knight

Illustrated notes

Levels and vault maps discovered:
D:1:      amcnicky_arrival_feature_with_door, layout_loops_ring
D:2:      layout_rooms
D:3:      layout_rooms, lightli_sewer_entry_pipes, fountainhead, uniq_ijyb
D:4:      layout_layer_cave, lemuel_doored_altar,
          nemelex_xobeh_ov_fountains_minmay,
          minmay_a_box_with_orc_wizards_in_it, uniq_natasha
D:5:      layout_gridville, makhleb_heckhound_becter, minmay_statues_item,
          uniq_eustachio, uniq_pikel
D:6:      layout_basic, lemuel_round_altar, hellmonk_ghost_happy_afterlife,
          nicolae_ru_awakened_eye, uniq_edmund
D:7:      layout_loops_ring, minmay_temple_entry_steel_oval
D:8:      layout_basic, nzn_hepliaklqana_mist_gate, lair_entry_dummy
D:9:      layout_loops_corners, nicolae_overflow_hidden_temple,
          minmay_orc_entry_guard_dogs, serial_shops, shop, uniq_maurice
D:10:     layout_basic, hangedman_fish_farm
D:11:     layout_roguey, tso_altar
Temple:   eino_temple_rhombus
Orc:1:    layout_caves, serial_shops, shop_fountains, guppyfry_orc_lava_fort

Skill      XL: |  1  2  3  4  5  6  7  8  9 10 11 |
---------------+----------------------------------+-----
Shields        | 4 5 6 8 10 11 12 | 12.0
Fighting       | 4 5 6 7 8 9 |  9.5
Armour         | 4 5 6 7 8 9 10 | 10.3
Long Blades    | 3 4 5 6 8 10 12 | 12.7
Dodging        | 1 2 3 4 |  4.0
Invocations    | |  0.9

Action                   |  1- 3 |  4- 6 |  7- 9 | 10-12 || total
-------------------------+-------+-------+-------+-------++-------
Melee: Long sword        |    69 |   165 |   434 |   452 ||  1120
       Headbutt          |     8 |    39 |    87 |   105 ||   239
Invok: Heroism           |       |       |       |     5 ||     5
  Use: Scroll            |       |    11 |     8 |     5 ||    24
       Potion            |       |     1 |       |     1 ||     2
Armor: Scale mail        |    29 |       |       |       ||    29
       Chain mail        |     4 |    85 |   122 |   106 ||   317
       Plate armour      |       |       |       |     6 ||     6
Dodge: Dodged            |    29 |    49 |   127 |   183 ||   388
       Repelled          |       |       |       |     2 ||     2
Block: Kite shield       |    44 |   110 |   253 |   289 ||   696
       Rpst.: Long sword |     7 |    17 |    36 |    44 ||   104
